 Dungeon Crawl Stone Soup version 0.22-a0-268-g1cc83efe17 (webtiles) character file.

88330 NooBeakApe the Corrupter of Planes (level 16, 0/125 HPs)
             Began as a Formicid Abyssal Knight on Mar 9, 2018.
             Was the Champion of Lugonu.
             Succumbed to a swamp dragon's blast of poison
             ... on level 3 of the Swamp.
             The game lasted 01:33:35 (31825 turns).

NooBeakApe the Corrupter of Planes (FoAK)          Turns: 31825, Time: 01:33:36

Health: 0/125      AC: 21    Str: 18    XL:     16   Next: 40%
Magic:  3/27       EV: 10    Int: 13    God:    Lugonu [******]
Gold:   1623       SH:  7    Dex: 13    Spells: 0/15 levels left

rFire    + + +     SeeInvis +   d - +8 glaive (chop)
rCold    + + +     Gourm    .   E - +0 buckler
rNeg     . . .     Faith    .   Q - +0 plate armour {rC+}
rPois    +         Spirit   +   (helmet unavailable)
rElec    +         Reflect  .   q - +2 cloak {rF+}
rCorr    +         Harm     .   G - +0 pair of gloves
MR       ++...                  C - +0 pair of boots
Stlth    ..........             P - amulet of the Heavens {Spirit +Blink MR+ Dex-2}
HPRegen  0.30/turn              T - ring of protection from fire
MPRegen  0.20/turn              J - ring of protection from cold

@: lethally poisoned (0 -> -33), resistant, invisible
A: permanent stasis, dig shafts and tunnels, four strong arms, antennae 3
a: Dig, Shaft Self, Depart the Abyss, Bend Space, Banish, Corrupt, Enter the
Abyss, Brand Weapon With Distortion, Renounce Religion


You were on level 3 of the Swamp.
You worshipped Lugonu.
Lugonu was exalted by your worship.
You were very hungry.

You visited 3 branches of the dungeon, and saw 21 of its levels.
You visited the Abyss 1 time.
You also visited: Labyrinth, Ice Cave and Volcano.

You collected 1623 gold pieces.

Inventory:

Hand Weapons
 a - a +2 spear of venom
 c - a +2 antimagic short sword
 d - a +8 glaive of chopping (weapon)
 e - the +3 hand crossbow of Spite {elec, rC+}
   (You found it on level 3 of the Lair of Beasts)

   It charges the ammunition it shoots with electricity; occasionally upon a
   hit, such missiles may discharge and cause terrible harm.
   It protects you from cold.
 s - a +1 battleaxe of flaming
Armour
 q - a +2 cloak of fire resistance (worn)
 C - a +0 pair of boots (worn)
 E - a +0 buckler (worn)
 G - a +0 pair of gloves (worn)
 Q - a +0 plate armour of cold resistance (worn)
Jewellery
 b - an uncursed ring of positive energy
 J - a ring of protection from cold (right hand)
 P - the amulet of the Heavens (around neck) {Spirit +Blink MR+ Dex-2}
   (You found it on level 11 of the Dungeon)

   [amulet of guardian spirit]

   It causes incoming damage to be split between your health and magic.
   It affects your dexterity (-2).
   It affects your resistance to hostile enchantments.
   It lets you blink.
 T - a ring of protection from fire (left hand)
Wands
 g - a wand of disintegration (10)
 r - a wand of scattershot (5)
 u - a wand of polymorph (17)
 x - a wand of clouds (6)
 z - a wand of digging (69)
 D - a wand of random effects (15)
 L - a wand of acid (3)
Scrolls
 f - 2 scrolls of vulnerability
 i - 4 scrolls of remove curse
 m - 3 scrolls of fog
 w - a scroll of magic mapping
 y - 4 scrolls of immolation
 A - a scroll of fear
 B - 2 scrolls of holy word {unknown}
 H - 2 scrolls of amnesia
 K - a scroll of summoning {unknown}
Potions
 h - a potion of might
 n - 2 potions of agility
 o - 2 potions of magic
 p - a potion of brilliance
 t - 5 potions of lignification
 v - 2 potions of flight
 N - 2 potions of cancellation
Miscellaneous
 X - a box of beasts
Comestibles
 j - 29 rations


   Skills:
 - Level 11.0 Fighting
 + Level 12.7 Polearms
 + Level 10.4 Armour
 - Level 10.0 Dodging
 + Level 12.1 Shields
 - Level 8.0 Charms
 + Level 14.7 Invocations
 + Level 4.7 Evocations


You couldn't memorise any spells.
You knew the following spells:

 Your Spells              Type           Power        Failure   Level  Hunger
a - Shroud of Golubria    Chrm/Tloc      ##........   89%         2    ###....
b - Song of Slaying       Chrm           ###.....     36%         2    ###....
c - Regeneration          Chrm/Necr      ##........   98%         3    ####...
d - Spectral Weapon       Hex/Chrm       ##......     98%         3    ####...
e - Lee's Rapid Deconstr  Erth           #.........   100%        5    ######.


Dungeon Overview and Level Annotations

Branches:
Dungeon (11/15)            Temple (0/1) D:4            Lair (6/6) D:11
  Swamp (4/4) Lair:3        Snake (0/4) Lair:3
  Slime: Lair:5-6       Orc: D:9-12

Altars:
Ashenzari
Cheibriados
Dithmenos
Elyvilon
Gozag
Hepliaklqana
Nemelex Xobeh
Okawaru
Qazlal
Ru
Xom
Zin
The Shining One

Shops:
D:5 }

Portals:
Trove: D:10 (give +3 storm dragon scales)

Annotations:
Lair:6 Xiin's ghost, journeyman SpEn
Swamp:3 corrupted


Innate Abilities, Weirdness & Mutations

You cannot be hasted, slowed, berserked, paralysed or teleported.
You can dig through walls and to a lower floor.
Your four strong arms can wield two-handed weapons with a shield.
You have a pair of large antennae on your head. (SInv)


Message History

You resist.
The lorocyproca hits the swamp dragon!!
The hellion hits the swamp drake.
The thrashing horror completely misses the swamp drake.
The thrashing horror tramples the swamp drake.
The swamp drake is shoved backwards!
The swamp drake dies!
The swamp drake bites the hellion.
The raiju barely misses the hungry ghost.
The neqoxec hits the swamp drake!
The swamp drake dies!
A spatial vortex comes into view.
* * * LOW HITPOINT WARNING * * *
You feel very sick.
Tentacles burst from the starspawn's body!
The lorocyproca hits the swamp dragon!!!
The swamp dragon dies! 2 spatial vortices and 2 starspawn tentacles come into view.
Okay, then.
You fade into invisibility!
You die...

.≈≈♣♣ .....#.#. .≈≈.♣ ♣##v≈..3≈.♣
≈≈.♣♣ ♣♣..55X5v.. ...♣ ♣.h.W5.Xb.
.♣.♣ #..(3v.v##. ≈≈.♣
♣#§.wXvx#..♣ .≈.♣ ♣§.§..w.o#>♣♣♣
♣♣♣ .≈.♣♣♣♣♣♣♣ ♣.♣#55s.3#..≈.♣♣
♣.♣ ..§≈≈....♣♣♣♣♣§§@.≈XX2..§.≈♣
♣.♣ .♣♣♣♣.≈≈..≈≈..§§§.≈≈..2#..♣♣
♣.♣
...≈..≈≈≈≈≈≈≈#.###..(..#≈>≈♣♣♣.♣♣
≈≈.♣≈≈≈≈≈≈.<≈#≈≈≈.≈.♣....≈≈.♣...♣
≈≈.≈≈≈..≈...≈#≈...♣♣♣♣....≈≈♣≈≈♣♣
≈≈.≈.♣♣♣≈♣.≈≈≈..♣♣ ♣.♣♣..†..♣♣
≈≈.♣≈♣ ♣♣♣♣♣...♣♣ ♣♣♣...D♣ ♣≈..≈♣
♣♣..♣♣ ♣♣...♣ ≈.≈≈≈♣ ♣...♣ ♣.≈[♣


You could see a neutral tentacled starspawn (wandering), a neutral lorocyproca
(invisible), a neutral spatial maelstrom, a neutral demonic crawler (wandering),
4 neutral spatial vortices, 2 neutral thrashing horrors, 2 neutral large
abominations, a neutral hellion (wandering), a neutral hungry ghost (wandering),
a neutral raiju (confused), 2 neutral neqoxecs, a neutral ynoxinul (wandering),
a neutral orc sorcerer (wandering), a neutral small abomination (wandering), a
neutral fire bat, 2 neutral starspawn tentacles, a neutral quasit (wandering), a
neutral white imp (wandering) and 4 neutral ufetubi.

Vanquished Creatures
  A thorn hunter (Swamp:2)
  A minotaur (Lab)
  Snorg (D:11)
  Josephine (D:11)
  12 hydras
  A vault guard (D:10)
  Erolcha (D:11)
  4 ghost crabs
  A dancing weapon (Volcano)
  3 two-headed ogres
  A queen ant (D:11)
  5 alligators
  5 fire crabs (Lair:3)
  A spriggan druid (Swamp:3)
  2 swamp dragons (Swamp:3)
  4 wizards (Volcano)
  An unseen horror (D:10)
  A shambling mangrove (Swamp:3)
  An oklob plant (Lair:2)
  5 elephants
  5 toenail golems (Volcano)
  9 black mambas
  An apocalypse crab (Lair:3)
  An ice statue (IceCv)
  20 spiny frogs
  2 gargoyles (D:11)
  6 rime drakes
  9 komodo dragons
  2 ice devils (Lair:1)
  4 tyrant leeches
  2 trolls
  Grinder (D:4)
  16 polar bears
  9 hornets
  7 bog bodies
  13 blink frogs
  6 slime creatures (Swamp:2)
  7 hippogriffs
  34 yaks
  4 spriggans
  A shadow (D:11)
  4 wraiths
  3 wyverns
  Grum (D:8)
  2 basilisks
  A hungry ghost (D:11)
  3 fire bats (Lair:4)
  6 insubstantial wisps
  17 vampire mosquitoes
  20 soldier ants (D:11)
  15 swamp worms
  12 water moccasins
  11 porcupines
  2 hell hounds (D:11)
  3 ice beasts
  3 orc warriors
  A black bear (D:6)
  A sky beast (D:10)
  3 swamp drakes
  5 ogres
  3 phantoms
  18 wolves
  6 centaurs
  8 crocodiles
  4 big kobolds
  7 bullfrogs
  5 scorpions
  3 killer bees (D:10)
  6 wights
  11 howler monkeys
  4 crimson imps
  A quasit (D:10)
  A centaur zombie (D:8)
  A bullfrog zombie (D:10)
  Crazy Yiuf (D:4)
  4 jellies
  A centaur skeleton (D:10)
  9 orc priests
  3 hounds
  A bullfrog skeleton (D:10)
  An iguana (D:3)
  An orc wizard (D:5)
  A hell rat (Lair:5)
  29 worker ants
  A hound skeleton (D:4)
  3 worker ant zombies
  A howler monkey zombie (D:11)
  10 adders
  3 gnolls (D:3)
  3 shadow imps
  2 oozes (D:1)
  2 adder zombies
  An adder skeleton (D:5)
  2 worms
  3 dart slugs (D:1)
  2 leopard geckos
  39 orcs
  3 ball pythons
  10 giant cockroaches
  11 goblins
  10 hobgoblins
  17 kobolds
  3 quokkas
  7 bats
  3 frilled lizards
  9 rats
  2 plants (Lair:6)
600 creatures vanquished.

Vanquished Creatures (collateral kills)
  A vampire mosquito (Swamp:1)
1 creature vanquished.

Vanquished Creatures (others)
  A frost giant (IceCv)
  3 entropy weavers (Lair:3)
  A wizard (Volcano)
  A swamp dragon (Swamp:3)
  3 oklob plants (Lair:2)
  A yak (IceCv)
  2 swamp drakes (Swamp:3)
  3 wolves (IceCv)
  2 briar patches (Swamp:2)
  5 fungi
  3 plants
25 creatures vanquished.

Grand Total: 626 creatures vanquished

Notes
Turn   | Place    | Note
-------+----------+-------------------------------------------
     0 | Abyss:1  | NooBeakApe the Formicid Abyssal Knight began the quest for the Orb.
     0 | Abyss:1  | Reached XP level 1. HP: 18/18 MP: 2/2
    56 | Abyss:1  | Noticed a small abomination
    59 | Abyss:1  | Noticed a chaos spawn
    69 | D:1      | Escaped the Abyss
   136 | D:1      | Reached skill level 1 in Dodging
   139 | D:1      | Reached XP level 2. HP: 13/24 MP: 3/3
   370 | D:1      | Reached * piety under Lugonu
   408 | D:1      | Reached XP level 3. HP: 24/29 MP: 4/4
  1101 | D:2      | Found an iron altar of Okawaru.
  1125 | D:2      | Reached XP level 4. HP: 30/37 MP: 6/6
  1263 | D:2      | Found a shadowy altar of Dithmenos.
  1270 | D:2      | Reached skill level 3 in Invocations
  1474 | D:2      | Found a snail-covered altar of Cheibriados.
  1827 | D:3      | Found a glowing silver altar of Zin.
  1827 | D:3      | Noticed an angel
  1860 | D:3      | Reached ** piety under Lugonu
  1965 | D:3      | Noticed a big kobold
  1981 | D:3      | Killed a big kobold
  1981 | D:3      | Reached XP level 5. HP: 29/42 MP: 7/7
  2048 | D:3      | Reached XP level 6. HP: 7/48 MP: 8/8
  2486 | D:3      | Found a hazy altar of Hepliaklqana.
  2487 | D:3      | Found a shimmering altar of Xom.
  2487 | D:3      | Noticed a soldier ant
  2488 | D:3      | Noticed a spectral ugly thing
  2488 | D:3      | Noticed a soldier ant
  2919 | D:4      | Noticed Robin
  2934 | D:4      | Noticed Robin
  2934 | D:4      | Robin changed into Robin the iguana
  2942 | D:3      | Killed Robin the iguana
  3128 | D:4      | Found a staircase to the Ecumenical Temple.
  3145 | D:4      | Reached skill level 4 in Invocations
  3212 | D:4      | Reached XP level 7. HP: 53/55 MP: 10/10
  3245 | D:4      | Noticed Grinder
  3274 | D:4      | Killed Grinder
  3274 | D:4      | Reached *** piety under Lugonu
  3274 | D:4      | Reached skill level 5 in Fighting
  3751 | D:4      | Reached XP level 8. HP: 58/62 MP: 9/11
  3888 | D:4      | Found a runed door.
  3960 | D:4      | Noticed Crazy Yiuf
  3967 | D:4      | Killed Crazy Yiuf
  4010 | D:5      | Entered Level 5 of the Dungeon
  4041 | D:5      | Found Juru's Gadget Shop.
  4152 | D:5      | Reached skill level 5 in Invocations
  4555 | D:5      | Reached skill level 5 in Armour
  5774 | D:6      | Found a sacrificial altar of Ru.
  5858 | D:6      | Found a sparkling altar of Nemelex Xobeh.
  5860 | D:6      | Found a white marble altar of Elyvilon.
  5960 | D:7      | Reached skill level 5 in Polearms
  5960 | D:7      | Reached XP level 9. HP: 50/69 MP: 9/13
  6324 | D:6      | Reached skill level 6 in Invocations
  6722 | D:7      | Reached **** piety under Lugonu
  6980 | D:8      | Noticed a two-headed ogre
  7012 | D:8      | Killed a two-headed ogre
  7012 | D:8      | Reached skill level 5 in Dodging
  7012 | D:8      | Reached skill level 7 in Invocations
  7302 | D:8      | Reached XP level 10. HP: 53/79 MP: 12/15
  7421 | D:8      | Noticed Grum
  7454 | D:7      | HP: 3/79 [wolf[Grum] (2)]
  7767 | D:8      | Killed Grum
  8091 | D:8      | Noticed a two-headed ogre
  8833 | D:8      | Found a glowing golden altar of the Shining One.
  9013 | D:8      | Killed a two-headed ogre
  9013 | D:8      | Reached skill level 8 in Invocations
  9996 | D:9      | Reached XP level 11. HP: 86/87 MP: 15/17
 10174 | D:9      | Reached ***** piety under Lugonu
 10181 | D:9      | Found a stormy altar of Qazlal.
 10350 | D:9      | Noticed a two-headed ogre
 10375 | D:9      | Killed a two-headed ogre
 10514 | D:10     | Entered Level 10 of the Dungeon
 10542 | D:10     | Reached skill level 9 in Invocations
 10591 | D:10     | Found a shattered altar of Ashenzari.
 11049 | D:10     | Found an opulent altar of Gozag.
 11113 | D:10     | Noticed an unseen horror
 11123 | D:10     | Killed an unseen horror
 11123 | D:10     | Reached skill level 1 in Shields
 11200 | D:10     | Noticed a vault guard
 11243 | D:10     | Killed a vault guard
 11316 | D:10     | Found a portal to a secret trove of treasure.
 11505 | D:11     | Noticed Erolcha
 11520 | D:11     | Killed Erolcha
 11538 | D:11     | Found a staircase to the Lair.
 11627 | D:11     | Got an ancient sapphire amulet
 11643 | D:11     | Identified the amulet of the Heavens {Spirit +Blink MR+ Dex-2} (You found it on level 11 of the Dungeon)
 11717 | D:11     | Reached XP level 12. HP: 87/95 MP: 14/19
 11731 | D:11     | Learned a level 2 spell: Shroud of Golubria
 11734 | D:11     | Learned a level 2 spell: Song of Slaying
 11738 | D:11     | Learned a level 3 spell: Regeneration
 11742 | D:11     | Learned a level 3 spell: Spectral Weapon
 11771 | D:11     | Reached skill level 10 in Invocations
 12049 | D:11     | Noticed a queen ant
 12077 | D:11     | Killed a queen ant
 12420 | D:11     | Reached ****** piety under Lugonu
 12421 | D:11     | Reached skill level 5 in Shields
 12780 | D:11     | Noticed Josephine
 12819 | D:11     | Killed Josephine
 12832 | D:11     | Reached skill level 10 in Armour
 12901 | D:11     | Noticed Snorg
 12910 | D:11     | Killed Snorg
 13059 | Lair:1   | Entered Level 1 of the Lair of Beasts
 13117 | Lair:1   | Reached skill level 1 in Charms
 13117 | Lair:1   | Reached skill level 11 in Invocations
 13309 | Lair:1   | Found a frozen archway.
 13330 | IceCv    | Entered an ice cave
 13341 | IceCv    | Reached XP level 13. HP: 51/102 MP: 3/21
 13836 | IceCv    | Reached skill level 10 in Fighting
 14278 | IceCv    | Reached skill level 10 in Polearms
 14568 | IceCv    | Noticed a frost giant
 14573 | IceCv    | Banished a frost giant
 15156 | Lair:1   | Reached skill level 12 in Invocations
 16098 | Lair:2   | Noticed a four-headed hydra
 16143 | Lair:2   | Killed a four-headed hydra
 16412 | Lair:2   | Reached skill level 5 in Charms
 16423 | Lair:2   | Reached XP level 14. HP: 102/110 MP: 23/23
 16841 | Lair:3   | Found a staircase to the Swamp.
 16859 | Lair:3   | Found a staircase to the Snake Pit.
 16937 | Lair:3   | Found a shimmering altar of Xom.
 17779 | Lair:3   | Found a runed door.
 18065 | Lair:3   | Noticed an entropy weaver
 18092 | Lair:3   | Banished an entropy weaver
 18744 | Lair:3   | Noticed an entropy weaver
 18747 | Lair:3   | Banished an entropy weaver
 18767 | Lair:3   | Reached skill level 13 in Invocations
 19032 | Lair:3   | Noticed an entropy weaver
 19036 | Lair:3   | Banished an entropy weaver
 19165 | Lair:3   | Got an ancient hand crossbow
 19166 | Lair:3   | Identified the cursed +3 hand crossbow of Spite {elec, rC+} (You found it on level 3 of the Lair of Beasts)
 19530 | Lair:4   | Reached skill level 10 in Shields
 19647 | Lair:4   | Found a dark tunnel.
 19668 | Volcano  | Entered a volcano
 20695 | Volcano  | Reached XP level 15. HP: 115/115 MP: 22/25
 21465 | Lair:4   | Reached skill level 10 in Dodging
 22108 | Lair:5   | Found a labyrinth entrance.
 22117 | Lab      | Entered a labyrinth
 22414 | Lab      | Identified Nomikey's Papyrus of Lucky Contamination
 22415 | Lab      | Got a steaming sapphire amulet
 22430 | Lab      | Identified the amulet "Veosmig" {Inacc Int+4 Dex+5} (You found it in a labyrinth)
 23536 | Lair:6   | Entered Level 6 of the Lair of Beasts
 23536 | Lair:6   | Noticed Xiin's ghost (journeyman SpEn)
 25233 | Swamp:1  | Entered Level 1 of the Swamp
 26491 | Lair:3   | Reached skill level 14 in Invocations
 26491 | Lair:3   | Reached skill level 1 in Evocations
 27554 | Swamp:2  | Noticed a thorn hunter
 27578 | Swamp:2  | Killed a thorn hunter
 28545 | Swamp:2  | Reached XP level 16. HP: 45/125 MP: 11/26
 29247 | Swamp:2  | Learned a level 5 spell: Lee's Rapid Deconstruction
 31192 | Swamp:4  | Entered Level 4 of the Swamp
 31820 | Swamp:3  | Corrupted Swamp:3
 31820 | Swamp:3  | Noticed a tentacled starspawn
 31823 | Swamp:3  | HP: 5/125 [poisoned by a swamp dragon (blast of poison)]
 31825 | Swamp:3  | Succumbed to a swamp dragon's blast of poison

Vault maps used:
D:1:      eino_arrival_cavern_b
D:2:      okawaru_ov_weapons_minmay, old_standard_altar, first_ration,
          nicolae_dithmenos_shadow_blocks
D:3:      regret_index_temple_of_mockery, zin_angel, minivault_19, st_stairs_9
D:4:      minmay_temple_entry_overgrown, uniq_grinder, uniq_robin,
          uniq_crazy_yiuf_cottage
D:5:      serial_shops, shop
D:6:      nicolae_ru_path_of_blood, minitemple
D:7:      grunt_ogre_cave, st_stairs_9
D:8:      tso_altar, uniq_grum
D:9:      grunt_qazlal_sundering, nrook_loot_triangle, minmay_door_square,
          grunt_decor_mini_mirrors
D:10:     enter_trove_5, basic_altar, evilmike_ruin_ashenzari
D:11:     minmay_lair_entry_lava, minivault_29, uniq_josephine, uniq_erolcha,
          uniq_snorg
Lair:1:   portal_ice_cave_demonic_guard, columned_hall_lemuel
Lair:2:   beast_lair_carwin_4, minmay_lair_oklob_chamber, grunt_megastairs_3
Lair:3:   gammafunk_mikee_crab_dinner, swamp_mist_pool, dummy_snake_entry,
          basic_altar, lemuel_fruit_tree
Lair:4:   nicolae_volcano_entry_batcave, grunt_forest_small_clearings,
          beast_lair_carwin_9
Lair:5:   lab_entry_generic, serial_bayou_pond_b, st_stairs_10
Lair:6:   wormcave, guppyfry_lair_end_dragon, slime_altar_1, grunt_megastairs_1,
          serial_bayou_shore_a
Swamp:1:  evilmike_swamp_ruin_house_1
Swamp:2:  hangedman_swamp_ruin_wall
Swamp:3:  evilmike_swamp_ruin_house_2
Swamp:4:  swamp_fiery
Lab:      labyrinth_mini_lab, labyrinth_skeletal_remains,
          nicolae_lab_flowing_pool, nicolae_lab_x
IceCv:    ice_cave_caverns_02
Volcano:  volcano_bunker

Skill      XL: |  1  2  3  4  5  6  7  8  9 10 11 12 13 14 15 16 |
---------------+-------------------------------------------------+-----
Dodging        | 1 2 3 4 5 6 7 8 9 10 | 10.0
Invocations    | 3 4 5 7 8 9 11 12 13 14 | 14.7
Armour         | 3 4 5 6 7 9 10 | 10.4
Fighting       | 4 5 6 7 8 9 10 11 | 11.0
Polearms       | 3 4 5 6 7 8 9 10 11 12 | 12.7
Shields        | 3 6 8 10 11 12 | 12.1
Charms         | 1 5 7 8 |  8.0
Evocations     | 3 4 |  4.7

Action                   |  1- 3 |  4- 6 |  7- 9 | 10-12 | 13-15 | 16-18 || total
-------------------------+-------+-------+-------+-------+-------+-------++-------
Melee: Spear             |    11 |    22 |   281 |   763 |   624 |       ||  1701
       Dagger            |    76 |   144 |       |       |       |       ||   220
       Unarmed           |       |    12 |       |       |       |       ||    12
       Quarterstaff      |       |       |    52 |       |       |       ||    52
       Glaive            |       |       |       |   221 |   860 |   203 ||  1284
       Short sword       |       |       |       |       |    63 |       ||    63
       Battleaxe         |       |       |       |       |    64 |    25 ||    89
 Fire: Blowgun           |       |       |       |     9 |       |       ||     9
Throw: Javelin           |     3 |       |       |     2 |       |       ||     5
       Throwing net      |       |       |     1 |       |       |       ||     1
 Cast: Shroud of Golubri |       |       |       |     1 |     3 |       ||     4
       Spectral Weapon   |       |       |       |     1 |     1 |       ||     2
       Regeneration      |       |       |       |     1 |       |       ||     1
       Song of Slaying   |       |       |       |     1 |       |       ||     1
Invok: Depart the Abyss  |     1 |       |       |       |       |       ||     1
       Bend Space        |       |       |       |     4 |    16 |     3 ||    23
       Banish            |       |       |       |       |    10 |       ||    10
       Corrupt           |       |       |       |       |       |     1 ||     1
 Abil: Dig               |       |       |       |       |    29 |       ||    29
Evoke: Wand              |       |     1 |       |     4 |    20 |     1 ||    26
       Box of beasts     |       |       |       |       |     1 |       ||     1
  Use: Scroll            |       |     4 |     3 |     7 |    16 |     4 ||    34
       Potion            |       |       |       |    10 |     9 |     3 ||    22
 Stab: Petrifying        |       |       |     1 |       |       |       ||     1
       Held in net/web   |       |       |     1 |       |       |       ||     1
       Sleeping          |       |       |       |     1 |       |       ||     1
       Invisible         |       |       |       |     2 |       |       ||     2
  Eat: Chunk             |     1 |     6 |    10 |    22 |    24 |    12 ||    75
       Ration            |       |       |     1 |     1 |    11 |       ||    13
Armor: Leather armour    |    26 |    23 |       |       |       |       ||    49
       Ring mail         |       |    41 |    52 |       |       |       ||    93
       Chain mail        |       |       |    57 |   134 |       |       ||   191
       Troll leather arm |       |       |       |   169 |   199 |       ||   368
       Plate armour      |       |       |       |       |   605 |   171 ||   776
       Skin              |       |       |       |       |       |     8 ||     8
Dodge: Dodged            |    53 |    98 |   140 |   476 |   873 |   152 ||  1792
Block: Buckler           |       |       |       |    57 |   487 |   100 ||   644

Table legend:
 A = Spawn XP
 B = Non-spawn XP
 C = Spawn XP percentage of total XP
 D = Spawn monster count
 E = Non-spawn monster count
 F = Spawn count percentage of total count
 G = Total turns spent on level
                    A         B        C        D         E        F      G
               +---------+---------+-------+---------+---------+-------+---------
         Total |       0 |  126186 |   0.0 |       0 |     608 |   0.0 | 31825
               +---------+---------+-------+---------+---------+-------+---------
           D:1 |       0 |      62 |   0.0 |       0 |      26 |   0.0 |  1018
           D:2 |       0 |      44 |   0.0 |       0 |      11 |   0.0 |   768
           D:3 |       0 |     258 |   0.0 |       0 |      31 |   0.0 |  1227
           D:4 |       0 |     730 |   0.0 |       0 |      26 |   0.0 |   928
           D:5 |       0 |     606 |   0.0 |       0 |      22 |   0.0 |  1384
           D:6 |       0 |     296 |   0.0 |       0 |       5 |   0.0 |   710
           D:7 |       0 |    1237 |   0.0 |       0 |      20 |   0.0 |  1544
           D:8 |       0 |    3189 |   0.0 |       0 |      32 |   0.0 |  1578
           D:9 |       0 |    2745 |   0.0 |       0 |      28 |   0.0 |  1288
          D:10 |       0 |    4073 |   0.0 |       0 |      45 |   0.0 |   978
          D:11 |       0 |   10793 |   0.0 |       0 |      60 |   0.0 |  1567
        Lair:1 |       0 |    4388 |   0.0 |       0 |      17 |   0.0 |   923
        Lair:2 |       0 |   11212 |   0.0 |       0 |      38 |   0.0 |  1928
        Lair:3 |       0 |   19391 |   0.0 |       0 |      40 |   0.0 |  3332
        Lair:4 |       0 |    5368 |   0.0 |       0 |      18 |   0.0 |  1329
        Lair:5 |       0 |    8104 |   0.0 |       0 |      27 |   0.0 |  2648
        Lair:6 |       0 |    2964 |   0.0 |       0 |       8 |   0.0 |   213
       Swamp:1 |       0 |    3690 |   0.0 |       0 |      13 |   0.0 |   701
       Swamp:2 |       0 |   13980 |   0.0 |       0 |      39 |   0.0 |  1821
       Swamp:3 |       0 |   14486 |   0.0 |       0 |      41 |   0.0 |  2549
       Swamp:4 |       0 |     170 |   0.0 |       0 |       1 |   0.0 |    28
           Lab |       0 |    1169 |   0.0 |       0 |       1 |   0.0 |   338
         IceCv |       0 |   10813 |   0.0 |       0 |      48 |   0.0 |  1556
       Volcano |       0 |    6418 |   0.0 |       0 |      11 |   0.0 |  1400
               +---------+---------+-------+---------+---------+-------+---------
